 Dungeon Crawl Stone Soup version 0.27-a0-1325-g58a489ad9e (webtiles) character file.

Game seed: 15216000329684512194

46 dickylongcocking the Vexing (level 3, -5/31 HPs)
             Began as a Naga Arcane Marksman on June 25, 2021.
             Slain by Sigmund (8 damage)
             ... on level 3 of the Dungeon.
             The game lasted 00:02:30 (2086 turns).

dickylongcocking the Vexing (Naga Arcane Marksman)  Turns: 2086, Time: 00:02:31

Health: -5/31      AC:  2    Str: 12    XL:     3   Next: 66%
Magic:  3/4        EV: 10    Int: 13    God:
Gold:   37         SH:  0    Dex: 12    Spells: 3/4 levels left

rFire    + . .     SeeInvis +   a - +0 shortbow
rCold    + . .     Faith    +   (shield currently unavailable)
rNeg     . . .     Spirit   .   d - +0 robe
rPois    +         Reflect  .   (no helmet)
rElec    +         Harm     .   (no cloak)
rCorr    +         Rampage  .   (no gloves)
Will     .....                  (no barding)
Stlth    +.........             q - amulet of faith
HPRegen  0.10/turn              (no ring)
MPRegen  0.09/turn              (no ring)

@: confused, mighty, brilliant, resistant, unable to read, flying, hasted, quick
A: AC +1, large, see invisible, deformed body, poison resistance, slowness 2,
spit poison 1, naga tail 1, wild magic 1, inability to read while threatened
a: Spit Poison


You were on level 3 of the Dungeon.
You visited 1 branch of the dungeon, and saw 3 of its levels.

You collected 37 gold pieces.

Inventory:

Hand Weapons
 a - a +0 shortbow (weapon)
 f - a +0 whip of distortion
Missiles
 c - 30 arrows (quivered ammo)
Armour
 d - a +0 robe (worn)
Jewellery
 q - an amulet of faith (around neck)
Scrolls
 e - a scroll of enchant weapon {unknown}
 h - a scroll of teleportation {unknown}
 i - a scroll of fear {unknown}
 j - a scroll of silence {unknown}
 m - a scroll of enchant armour {unknown}
 n - a scroll of magic mapping {unknown}
Potions
 b - a potion of brilliance
 l - a potion of mutation


   Skills:
 + Level 1.1 Fighting
 + Level 2.9 Bows
 + Level 1.7 Dodging
 + Level 1.0 Stealth
 + Level 1.0 Spellcasting
 + Level 3.4 Hexes


You had 3 spell levels left.
You knew the following spells:

 Your Spells              Type           Power      Damage    Failure   Level
a - Corona                Hex            20%        N/A       11%         1

Your spell library contained the following spells:

 Spells                   Type           Power      Damage    Failure   Level
 Slow                     Hex            18%        N/A       16%         2
 Inner Flame              Hex/Fire       9%         N/A       47%         3
 Portal Projectile        Hex/Tloc       18%        N/A       47%         3
 Cause Fear               Hex            9%         N/A       65%         4
 Leda's Liquefaction      Hex/Erth       4%         N/A       86%         4


Dungeon Overview and Level Annotations

Branches:
Dungeon (3/15)

Altars:
Zin

Shops:
D:1 *[:[?

Annotations:
D:3 Sigmund


Innate Abilities, Weirdness & Mutations

Your serpentine skin is tough. (AC +1)
You have supernaturally acute eyesight. (SInv)
Armour fits poorly on your strangely shaped body.
Your system is resistant to poisons. (rPois)
You cover ground very slowly.
You can spit poison.
You have a snake-like lower body.
Your spells are a little harder to cast, but a little more powerful.
You sometimes lose the ability to read scrolls when taking damage.


Message History

You miscast Corona.
You are very lightly contaminated with residual magic.
Nothing appears to happen.
Sigmund's eyes start glowing with a red light.
Sigmund gestures at you while chanting. The puff of flame hits you!
Unknown command.
Unknown command.
Okay, then.
Okay, then.
It was a potion of brilliance.
You feel clever all of a sudden.
Sigmund casts a spell.
Sigmund flickers and vanishes for a moment.
It was a potion of haste.
You feel yourself speed up. Sigmund gestures at you while chanting.
The puff of flame hits you!
* * * LOW HITPOINT WARNING * * *
Unknown command.
Unknown command.
Sigmund points at you and mumbles some strange words.
You are confused.
It was a potion of mutation.
You feel extremely strange.
You lose the ability to read scrolls when threatened.
You feel less in control of your magic.
It was a potion of resistance.
You feel protected.
It was a potion of might.
You feel very mighty all of a sudden. Sigmund barely misses you.
Your magical contamination has completely faded away.
It was a potion of flight.
You feel very buoyant.
You fly up into the air.
Sigmund hits you from afar with a +3 scythe.
You feel threatened and lose the ability to read scrolls!
* * * LOW HITPOINT WARNING * * *
Unknown command.
Sigmund hits you from afar with a +3 scythe!
You die...

#.##.......#
###........#...
#.##.......#
#.....<†...# ..
#.##...#.###
#..........# ##
#....###.#
#..#########
#..### #.# #>.#
#### ##.# ##..#
########..####@..#
#..........#...#
#...........@###
#...........##
#..........##
#..........#
#..........#
#..........#
#..........#
############


You could see Sigmund (invisible).

Vanquished Creatures
  An adder (D:2)
  A dart slug (D:3)
  An orc (D:2)
  2 bats
  3 endoplasms
  2 giant cockroaches
  3 goblins
  3 hobgoblins
  3 jackals (D:2)
  A kobold (D:1)
  A quokka (D:1)
  4 ball pythons
  3 frilled lizards
  2 rats (D:2)
30 creatures vanquished.

Notes
Turn   | Place    | Note
-------+----------+-------------------------------------------
     0 | D:1      | dickylongcocking the Naga Arcane Marksman began the quest
                  | for the Orb.
     0 | D:1      | Reached XP level 1. HP: 18/18 MP: 2/2
    10 | D:1      | Found Main's Book Shoppe.
    35 | D:1      | Found Jaushuus's Magic Scroll Boutique.
   107 | D:1      | Found Vuklepoa's Armour Shop.
   218 | D:1      | Reached XP level 2. HP: 25/25 MP: 3/3
   221 | D:1      | Found Asoyluebo's General Store.
   614 | D:1      | Found a faded altar of an unknown god.
   729 | D:1      | Found Dibum's Armour Emporium.
  1111 | D:2      | Reached XP level 3. HP: 21/31 MP: 4/4
  1568 | D:2      | Found a glowing silver altar of Zin.
  1816 | D:3      | Noticed Sigmund
  1907 | D:3      | Reached skill level 1 in Stealth
  2082 | D:3      | Gained mutation: You sometimes lose the ability to read
                  | scrolls when taking damage. [potion of mutation]
  2082 | D:3      | Gained mutation: Your spells are a little harder to cast,
                  | but a little more powerful. [potion of mutation]
  2086 | D:3      | Slain by Sigmund

Illustrated notes

Levels and vault maps discovered:
D:1:      eino_arrival_water_star, layout_basic, serial_shops,
          nicolae_shop_waterfront, nicolae_diamond_shop, shop_fountains,
          nicolae_shop_behind_doors, shop_statue,
          ebering_ecumenical_altar_abandoned
D:2:      layout_basic, basic_altar
D:3:      minmay_chambers_of_twos, layout_rooms, serial_curves, eino_curves_02,
          eino_curves_02, minmay_misc_feat_four_crosses, dk_noncrumbling_3,
          minmay_cupped, uniq_sigmund

Skill      XL: |  1  2  3 |
---------------+----------+-----
Bows           | 2 |  2.9
Stealth        | 1 |  1.0
Fighting       | |  1.1
Dodging        | |  1.7
Spellcasting   | |  1.0
Hexes          | |  3.4

Action                   || total
-------------------------++-------
 Fire: Shortbow          ||    83
 Cast: Corona            ||     3
 Abil: Spit Poison       ||     3
  Use: Potion            ||     6
Armor: Robe              ||     1
Dodge: Dodged            ||    30

Table legend: (Time is in decaauts)
 A = Elapsed time spent in this place.
 B = Non-inter-level travel time spent in this place.
 C = Inter-level travel time spent in this place.
 D = Time resting spent in this place.
 E = Time spent auto-exploring this place.
 F = Levels seen in this place.
 G = Mean time per level.
                   A        B        C        D        E       F      G
               +--------+--------+--------+--------+--------+-----+--------+
         Total |   2706 |   2559 |    147 |      0 |   2322 |   3 |  902.0 |
       Dungeon |   2706 |   2559 |    147 |      0 |   2322 |   3 |  902.0 |
               +--------+--------+--------+--------+--------+-----+--------+

Top non-repeatable levels by time:
     D:1: 1333 daAuts
     D:2: 1148 daAuts
     D:3: 224 daAuts
